 Dungeon Crawl Stone Soup version 0.21.1-1-g345015f (webtiles) character file.

41 tidbits the Grave Robber (level 3, 2/25 HPs)
             Began as a Gnoll Necromancer on June 29, 2018.
             Quit the game on level 4 of the Dungeon.
             The game lasted 00:05:28 (463 turns).

tidbits the Grave Robber (Gnoll Necromancer)         Turns: 463, Time: 00:05:29

Health: 2/25       AC:  2    Str: 10    XL:     3   Next: 52%
Magic:  1/9        EV: 14    Int: 18    God:
Gold:   38         SH:  0    Dex: 15    Spells: 4/12 levels left

rFire    . . .     SeeInvis .   e - +0 dagger
rCold    . . .     Gourm    .   (no shield)
rNeg     . . .     Faith    .   a - +0 robe
rPois    .         Spirit   .   (no helmet)
rElec    .         Reflect  .   (no cloak)
rCorr    .         Harm     .   (no gloves)
MR       .....                  (no boots)
Stlth    +++.......             (no amulet)
HPRegen  0.08/turn              (no ring)
MPRegen  0.11/turn              (no ring)

@: no status effects
A: distributed training, fangs 1, strong nose
a: no special abilities


You were on level 4 of the Dungeon.
You were not hungry.

You visited 1 branch of the dungeon, and saw 5 of its levels.

You collected 38 gold pieces.

Inventory:

Hand Weapons
 e - a +0 dagger (weapon)
 h - a +0 mace
 k - a +0 flail
Armour
 a - a +0 robe (worn)
 i - a +0 buckler
Scrolls
 f - a scroll of magic mapping
 g - a scroll of random uselessness
 r - a scroll of remove curse
Books
 b - a book of Necromancy

   Spells                             Type                      Level
   a - Pain                           Necromancy                   1
   b - Animate Skeleton               Necromancy                   1
   c - Vampiric Draining              Necromancy                   3
   d - Regeneration                   Charms/Necromancy            3
   e - Animate Dead                   Necromancy                   4
   f - Borgnjor's Vile Clutch         Necromancy/Earth             5
Comestibles
 c - 2 rations


   Skills:
 + Level 0.8 Fighting
 + Level 0.8 Short Blades
 + Level 0.8 Long Blades
 + Level 0.8 Axes
 + Level 0.8 Maces & Flails
 + Level 0.8 Polearms
 + Level 0.8 Staves
 + Level 0.8 Slings
 + Level 0.8 Bows
 + Level 0.8 Crossbows
 + Level 0.8 Throwing
 + Level 0.8 Armour
 + Level 4.5 Dodging
 + Level 4.1 Stealth
 + Level 0.8 Shields
 + Level 0.8 Unarmed Combat
 + Level 5.0 Spellcasting
 + Level 0.5 Conjurations
 + Level 0.5 Hexes
 + Level 0.5 Charms
 + Level 0.5 Summonings
 + Level 7.1 Necromancy
 + Level 0.5 Translocations
 + Level 0.5 Transmutations
 + Level 0.5 Fire Magic
 + Level 0.5 Ice Magic
 + Level 0.5 Air Magic
 + Level 0.5 Earth Magic
 + Level 0.5 Poison Magic
 + Level 1.0 Invocations
 + Level 0.8 Evocations


You had 4 spell levels left.
You knew the following spells:

 Your Spells              Type           Power        Failure   Level  Hunger
a - Pain                  Necr           ####         1%          1    None
d - Vampiric Draining     Necr           ####......   2%          3    ##.....
n - Animate Skeleton      Necr           N/A          1%          1    None
r - Regeneration          Chrm/Necr      ###.......   9%          3    ##.....


Dungeon Overview and Level Annotations

Branches:
Dungeon (5/15)
 Temple: D:4-7

Altars:

Annotations:
D:4 wojtek's ghost, amateur MiFi
D:5 tidbits's ghost, weakling GnNe


Innate Abilities, Weirdness & Mutations

Your experience applies equally to all skills.
You have very sharp teeth.
Your uncanny sense of smell can sniff out nearby items.


Message History

Aim: an orc, wielding a flail (chance to defeat MR: 93%)
The orc writhes in agony!
Casting: Pain
Confirm with . or Enter, or press ? or * to list all spells.
Aiming: Pain
Press: ? - help, Shift-Dir - straight line, f/p - orc
Aim: an orc, wielding a flail (heavily wounded, chance to defeat MR: 93%)
The orc writhes in agony!
You kill the orc!
Your Invocations skill increases to level 1!
Wojtek's ghost (amateur Minotaur Fighter) comes into view.
Unknown command.
Okay, then.
Unknown command.
Okay, then.
Things that are here:
a flail; an orc corpse
k - a flail Wojtek's ghost turns its malevolent gaze towards you.
It was a potion of curing.
You feel better.
Wojtek's ghost screams, "You must not succeed where I failed!"
As you read the scroll labeled CIOKHOISIGG, it crumbles to dust.
You feel aware of your surroundings.
It was a scroll of magic mapping.
Unknown command.
Unknown command.
A jackal comes into view.
Wojtek's ghost stares at you.
Found an escape hatch in the ceiling.
Found a scroll of identify.
Casting: Pain
Confirm with . or Enter, or press ? or * to list all spells.
Aiming: Pain
Press: ? - help, Shift-Dir - straight line, f - giant cockroach
Aim: a giant cockroach (clinging, resting, chance to defeat MR: 93%)
The giant cockroach writhes in agony!
Casting: Pain
Confirm with . or Enter, or press ? or * to list all spells.
Aiming: Pain
Press: ? - help, Shift-Dir - straight line, f/p - giant cockroach
Aim: a giant cockroach (moderately wounded, chance to defeat MR: 93%)
The giant cockroach writhes in agony!
You kill the giant cockroach!
You see here a scroll of identify.
As you read the scroll of identify, it crumbles to dust.
d - a scroll of remove curse Adjust (i)tems, (s)pells, or (a)bilities?
Adjust which item? (? for menu, Esc to quit)
d - a scroll of remove curse Adjust to which letter? (? for menu, Esc to quit)
r - a scroll of remove curse A worker ant comes into view.
The worker ant twitches its antennae in your direction.
Found a lumpy malachite amulet.
Unknown command.
Casting: Pain
Confirm with . or Enter, or press ? or * to list all spells.
Aiming: Pain
Press: ? - help, Shift-Dir - straight line, f - worker ant
Aim: a worker ant (chance to defeat MR: 89%)
The worker ant writhes in agony!
Casting: Pain
Confirm with . or Enter, or press ? or * to list all spells.
Aiming: Pain
Press: ? - help, Shift-Dir - straight line, f/p - worker ant
Aim: a worker ant (lightly wounded, chance to defeat MR: 89%)
The worker ant barely resists.
Casting: Pain
Confirm with . or Enter, or press ? or * to list all spells.
Aiming: Pain
Press: ? - help, Shift-Dir - straight line, f/p - worker ant
Aim: a worker ant (lightly wounded, chance to defeat MR: 89%)
The worker ant writhes in agony!
Casting: Pain
Confirm with . or Enter, or press ? or * to list all spells.
Aiming: Pain
Press: ? - help, Shift-Dir - straight line, f/p - worker ant
Aim: a worker ant (moderately wounded, chance to defeat MR: 89%)
The worker ant writhes in agony!
The worker ant barely misses you.
Casting: Pain
Confirm with . or Enter, or press ? or * to list all spells.
Aiming: Pain
Press: ? - help, Shift-Dir - straight line, f/p - worker ant
Aim: a worker ant (heavily wounded, chance to defeat MR: 89%)
The worker ant writhes in agony!
The worker ant bites you.
* * * LOW HITPOINT WARNING * * *
Casting: Pain
Confirm with . or Enter, or press ? or * to list all spells.
Aiming: Pain
Press: ? - help, Shift-Dir - straight line, f/p - worker ant
Aim: a worker ant (severely wounded, chance to defeat MR: 89%)
The worker ant writhes in agony!
The worker ant misses you.
The worker ant bites you but does no damage.
Unknown command.
You closely miss the worker ant.
The worker ant is severely wounded.
The worker ant bites you!
* * * LOW HITPOINT WARNING * * *
A scorpion comes into view.
The worker ant closely misses you.
Are you sure you want to abandon this character and quit the game? (Confirm with "yes".)

*,,,,**,,,****,,,.....#####..#
*****,***##..,,..#*#.......##..##
,,,,,,,,,.....,#.# #.............
*********#..#.##.###.............
**...#..##..............
###*###.....................
##..,....#...s##.............
#####..######....#*#...<.......>.
................@# ##..#.#...####
................a# #.##.###>..#
######.#######...# #.*#.##....#
.......<#****###.# *#,*#.#..####
.######......,,#.#**,,,#...##****
#####**######*,...,,,...†..#**,,,
......,,,,,,,,..............,,,,,
############*##.............,,,,,
#........#**.......####....,,,,


You could see a scorpion (wandering) and a worker ant.

Vanquished Creatures
  An adder (D:4)
  A leopard gecko (D:1)
  3 orcs (D:4)
  3 giant cockroaches
  A goblin (D:1)
  6 hobgoblins
  3 kobolds (D:2)
  A quokka (D:2)
  A bat (D:2)
  2 frilled lizards
  4 rats
26 creatures vanquished.

Notes
Turn   | Place    | Note
-------+----------+-------------------------------------------
     0 | D:1      | tidbits the Gnoll Necromancer began the quest for the Orb.
     0 | D:1      | Reached XP level 1. HP: 13/13 MP: 6/6
    67 | D:1      | Reached XP level 2. HP: 5/19 MP: 0/7
    70 | D:1      | Learned a level 1 spell: Animate Skeleton
   336 | D:4      | Reached XP level 3. HP: 7/25 MP: 7/9
   341 | D:4      | Learned a level 3 spell: Regeneration
   346 | D:4      | Learned a level 3 spell: Vampiric Draining
   357 | D:5      | Entered Level 5 of the Dungeon
   363 | D:5      | Noticed tidbits's ghost (weakling GnNe)
   377 | D:4      | Reached skill level 5 in Spellcasting
   406 | D:4      | Reached skill level 1 in Invocations
   408 | D:4      | Noticed wojtek's ghost (amateur MiFi)
   459 | D:4      | HP: 2/25 [worker ant (7)]
   462 | D:4      | Noticed a scorpion
   463 | D:4      | Quit the game

Skill      XL: |  1  2  3 |
---------------+----------+-----
Spellcasting   | 5 |  5.0
Invocations    | 1 |  1.0
Fighting       | |  0.8
Short Blades   | |  0.8
Long Blades    | |  0.8
Axes           | |  0.8
Maces & Flails | |  0.8
Polearms       | |  0.8
Staves         | |  0.8
Slings         | |  0.8
Bows           | |  0.8
Crossbows      | |  0.8
Throwing       | |  0.8
Armour         | |  0.8
Dodging        | |  4.5
Stealth        | |  4.1
Shields        | |  0.8
Unarmed Combat | |  0.8
Conjurations   | |  0.5
Hexes          | |  0.5
Charms         | |  0.5
Summonings     | |  0.5
Necromancy     | |  7.1
Translocations | |  0.5
Transmutations | |  0.5
Fire Magic     | |  0.5
Ice Magic      | |  0.5
Air Magic      | |  0.5
Earth Magic    | |  0.5
Poison Magic   | |  0.5
Evocations     | |  0.8

Action                   || total
-------------------------++-------
Melee: Dagger            ||     7
       Bite              ||     2
 Cast: Pain              ||    43
       Regeneration      ||     1
  Use: Scroll            ||     5
       Potion            ||     1
 Stab: Sleeping          ||     1
Armor: Robe              ||     2
Dodge: Dodged            ||    11

Table legend:
 A = Turns spent in this place as a percentage of turns spent in the entire game.
 B = Non-inter-level travel turns spent in this place as a percentage of non-inter-level travel turns spent in the entire game.
 C = Inter-level travel turns spent in this place as a percentage of turns spent in this place.
 D = Turns resting spent in this place as a percentage of non-inter-level travel turns spent in this place.
 E = Turns spent auto-exploring this place as a percentage of non-inter-level travel turns spent in this place.
 F = Non-inter-level travel turns spent in this place divided by the number of levels of this place that you've seen.
                   A       B       C       D       E      F
               +-------+-------+-------+-------+-------+----------------------
         Total | 100.0 | 100.0 |   0.0 |   0.0 |   0.0 |  92.6
       Dungeon | 100.0 | 100.0 |   0.0 |   0.0 |   0.0 |  92.6
               +-------+-------+-------+-------+-------+----------------------

Table legend:
 A = Kills in this place as a percentage of kills in entire the game.
 B = Kills by you in this place as a percentage of kills by you in the entire game.
 C = Kills by friends in this place as a percentage of kills by friends in the entire game.
 D = Other kills in this place as a percentage of other kills in the entire game.
 E = Experience gained in this place as a percentage of experience gained in the entire game.
 F = Experience gained in this place divided by the number of levels of this place that you have seen.
                   A       B       C       D       E      F
               +-------+-------+-------+-------+-------+----------------------
         Total | 100.0 | 100.0 |   N/A |   N/A | 100.0 |  11.8
       Dungeon | 100.0 | 100.0 |   N/A |   N/A | 100.0 |  11.8
               +-------+-------+-------+-------+-------+----------------------

Vault maps used:
D:1:      lemuel_arrival_behind_the_door_small
D:3:      kiku_gazebo_pond_becter, lemuel_doored_altar, uniq_jessica
D:4:      kennysheep_goblin_castle, first_ration
D:5:      serial_shops, kennysheep_mini_moat, uniq_crazy_yiuf_cottage
